 Dungeon Crawl Stone Soup version 0.21-a0-521-g1cd18d1 (webtiles) character file.

830 Nirn the Insei (level 7, -4/52 HPs)
             Began as a Mummy Monk on Dec 5, 2017.
             Was a Believer of Vehumet.
             Slain by a sky beast (6 damage)
             ... on level 5 of the Dungeon.
             The game lasted 00:24:20 (7150 turns).

Nirn the Insei (Mummy Monk)                         Turns: 7150, Time: 00:24:21

Health: -4/52      AC:  7    Str: 14    XL:     7   Next: 65%
Magic:  7/7        EV: 11    Int:  9    God:    Vehumet [**....]
Gold:   256        SH:  0    Dex: 17    Spells: 6/6 levels left

rFire    x . .     SeeInvis .     - Unarmed
rCold    + . .     Gourm    .   (no shield)
rNeg     + + +     Faith    .   j - +0 ring mail
rPois    ∞         Spirit   .   l - +0 helmet
rElec    .         Reflect  .   (no cloak)
rCorr    .         Harm     +   (no gloves)
MR       .....                  n - +0 pair of boots
Stlth    +.........             i - amulet of harm
HPRegen  0.17/turn              (no ring)
MPRegen  0.10/turn              (no ring)

@: no status effects
A: no food or potions, fire vulnerability, cold resistance 1, negative energy
resistance 3, torment resistance, unbreathing
a: Renounce Religion


You were on level 5 of the Dungeon.
You worshipped Vehumet.
Vehumet was pleased with you.
You were not hungry.

You visited 2 branches of the dungeon, and saw 7 of its levels.

You collected 256 gold pieces.

Inventory:

Missiles
 h - 8 tomahawks (quivered)
Armour
 j - a +0 ring mail (worn)
 l - a +0 helmet (worn)
 n - a +0 pair of boots (worn)
Jewellery
 g - an uncursed ring of fire {unknown}
 i - an amulet of harm (around neck)
 o - an uncursed ring of wizardry {unknown}
Scrolls
 a - 2 scrolls of remove curse
 b - a scroll of magic mapping
 c - a scroll of immolation {unknown}
 d - a scroll of noise {unknown}
 e - 5 scrolls of identify
 f - 2 scrolls of enchant weapon
 k - a scroll of random uselessness {unknown}
 m - 2 scrolls of teleportation


   Skills:
 - Level 3.0 Fighting
 - Level 2.4 Dodging
 - Level 1.5 Stealth
 + Level 7.7 Unarmed Combat


You had 6 spell levels left.
You didn't know any spells.

Dungeon Overview and Level Annotations

Branches:
Dungeon (6/15)             Temple (1/1) D:5

Altars:
Cheibriados
Fedhas
Gozag
Kikubaaqudgha
Makhleb
Nemelex Xobeh
Okawaru
Qazlal
Vehumet
Wu Jian
Xom
Yredelemnul
Lugonu

Shops:
D:4 }


Innate Abilities, Weirdness & Mutations

You do not eat or drink.
Your flesh is vulnerable to fire.
You are immune to poison.
Your flesh is cold resistant. (rC+)
You are immune to negative energy. (rN+++)
You are immune to unholy pain and torment.
You can survive without breathing.


Message History

The sky beast hits you. The sky beast shocks you.
You miss the sky beast.
The sky beast hits you but does no damage.
You hit the sky beast.
The sky beast is moderately wounded.
The sky beast flickers out of sight!
Deactivating autopickup; reactivate with Ctrl-A.
Something hits you but does no damage.
You closely miss something. Something hits you. Something shocks you.
* * * LOW HITPOINT WARNING * * *
You closely miss something. You punch something! Something hits you.
* * * LOW HITPOINT WARNING * * *
Something shocks you.
* * * LOW HITPOINT WARNING * * *
You hit something. Something hits you but does no damage.
You closely miss something. Something hits you.
* * * LOW HITPOINT WARNING * * *
Something shocks you.
You die...

##..##........###..###..........#
....##.........##...............#
.............(.....#...........##
...................#..........###
...##.............###............
..###........[.....#............#
.## #.......................#####
.# #.....................### ##
#......)..)>@.........#
#####...........{(........#
...#......................#
.............#....###.....##
##................# ####...##
#.....!..........######.....##
...........###...........##..##
........................####<.###
..>......................####....


There were no monsters in sight!

Vanquished Creatures
  A sky beast (D:5)
  A crimson imp (D:5)
  4 hounds
  An orc wizard (D:5)
  A jelly (D:4)
  Jessica (D:3)
  3 iguanas
  Terence (D:3)
  4 worker ants
  Robin (D:2)
  A worker ant zombie (D:5)
  8 gnolls
  7 adders
  2 shadow imps (D:5)
  An adder zombie (D:5)
  2 worms
  3 dart slugs (D:2)
  3 leopard geckos
  8 orcs
  A ball python (D:1)
  10 giant cockroaches
  20 goblins
  8 hobgoblins
  10 jackals
  9 kobolds
  2 quokkas
  4 bats
  3 frilled lizards
  A jackal skeleton (D:4)
  A leopard gecko skeleton (D:4)
  4 rats
126 creatures vanquished.

Notes
Turn   | Place    | Note
-------+----------+-------------------------------------------
     0 | D:1      | Nirn the Mummy Monk began the quest for the Orb.
     0 | D:1      | Reached XP level 1. HP: 18/18 MP: 1/1
   359 | D:1      | Reached skill level 3 in Unarmed Combat
   359 | D:1      | Reached XP level 2. HP: 24/24 MP: 2/2
  1090 | D:2      | Reached XP level 3. HP: 29/29 MP: 3/3
  1176 | D:2      | Noticed an ogre
  1575 | D:2      | Found a burning altar of Makhleb.
  1575 | D:2      | Found a radiant altar of Vehumet.
  2122 | D:2      | Reached skill level 4 in Unarmed Combat
  2140 | D:2      | Reached XP level 4. HP: 30/35 MP: 4/4
  2709 | D:3      | Noticed Terence
  2756 | D:3      | Noticed Robin
  2771 | D:3      | Reached XP level 5. HP: 23/41 MP: 5/5
  2921 | D:2      | Killed Robin
  2968 | D:3      | Killed Terence
  2968 | D:3      | Reached skill level 5 in Unarmed Combat
  3929 | D:3      | Noticed Jessica
  3940 | D:3      | Killed Jessica
  4050 | D:4      | Reached XP level 6. HP: 24/47 MP: 6/6
  4259 | D:4      | HP: 2/47 [iguana (6)]
  4664 | D:4      | Found Rafasobb's Gadget Shoppe.
  4774 | D:4      | Reached skill level 6 in Unarmed Combat
  4839 | D:4      | Found a sparkling altar of Nemelex Xobeh.
  5558 | D:5      | Entered Level 5 of the Dungeon
  5897 | D:5      | Reached XP level 7. HP: 49/52 MP: 7/7
  6066 | D:5      | Reached skill level 7 in Unarmed Combat
  6260 | D:5      | Found a staircase to the Ecumenical Temple.
  6278 | Temple   | Entered the Ecumenical Temple
  6410 | D:2      | Became a worshipper of Vehumet
  6410 | D:2      | Reached * piety under Vehumet
  6410 | D:2      | Offered knowledge of Freeze by Vehumet.
  6410 | D:2      | Reached ** piety under Vehumet
  6632 | D:5      | Offered knowledge of Searing Ray by Vehumet.
  6833 | D:5      | Found a sparkling altar of Nemelex Xobeh.
  7150 | D:5      | HP: 2/52 [something (1)]
  7150 | D:5      | Slain by a sky beast

Vault maps used:
D:1:      lemuel_arrival_lava_pool
D:2:      gammafunk_temple_overflow_elements
D:3:      uniq_terence, uniq_jessica, uniq_robin
D:4:      nemelex_altar_shiori, serial_shops, shop, kennysheep_cluttered_room,
          minmay_misc_feat_four_crosses
D:5:      minmay_temple_entry_statues_fountains, first_bread,
          nemelex_lonely_heart_becter
D:6:      basic_altar
Temple:   corrupted_temple

Skill      XL: |  1  2  3  4  5  6  7 |
---------------+----------------------+-----
Unarmed Combat | 3 4 5 6 7 |  7.7
Fighting       | |  3.0
Dodging        | |  2.4
Stealth        | |  1.5

Action                   |  1- 3 |  4- 6 |  7- 9 || total
-------------------------+-------+-------+-------++-------
Melee: Unarmed           |   160 |   282 |    80 ||   522
       Punch             |     2 |    11 |     1 ||    14
Throw: Tomahawk          |     1 |       |       ||     1
  Use: Scroll            |       |     6 |       ||     6
 Stab: Sleeping          |     6 |       |       ||     6
Armor: Leather armour    |    25 |       |       ||    25
       Robe              |     1 |       |       ||     1
       Ring mail         |    15 |    79 |    29 ||   123
Dodge: Dodged            |    97 |   120 |    34 ||   251

Table legend:
 A = Spawn XP
 B = Non-spawn XP
 C = Spawn XP percentage of total XP
 D = Spawn monster count
 E = Non-spawn monster count
 F = Spawn count percentage of total count
 G = Total turns spent on level
                    A         B        C        D         E        F      G
               +---------+---------+-------+---------+---------+-------+---------
         Total |       0 |    1186 |   0.0 |       0 |     126 |   0.0 |  7150
               +---------+---------+-------+---------+---------+-------+---------
           D:1 |       0 |      35 |   0.0 |       0 |      19 |   0.0 |  1126
           D:2 |       0 |     128 |   0.0 |       0 |      37 |   0.0 |  1941
           D:3 |       0 |     201 |   0.0 |       0 |      31 |   0.0 |  1039
           D:4 |       0 |     279 |   0.0 |       0 |      17 |   0.0 |  1572
           D:5 |       0 |     543 |   0.0 |       0 |      22 |   0.0 |  1431
               +---------+---------+-------+---------+---------+-------+---------
